Match 47375814
Unlisted

Match 47375814
End
Engineer Squad
Selects Airborne Battlegroup
Selects Heavy Machine Gun Paradrop
Heavy Machine Gun Paradrop
Construct Weapon Support Center
Bazooka Squad
Heavy Machine Gun Paradrop
Selects Paratrooper Squad Paradrop
Paratrooper Squad Paradrop
Mechanized Support Center
Paratrooper Squad Paradrop
Paratrooper Squad Paradrop
Selects Anti-tank Gun Team Paradrop
Construct Tank Depot
M4A1 Sherman Medium Tank
Selects Recon Loiter
Selects Supply Drop
Selects Recon Loiter
Anti-tank Gun Team Paradrop
Selects Supply Drop
Recon Loiter
M4A1 Sherman Medium Tank
Designate Forward Repair Station
Heavy Machine Gun Paradrop
M4A1 Sherman Medium Tank
Improvised Armor
Recon Loiter
M4A1 76mm Conversion
Rapid Repairs
Salvage Crew
Selects Carpet Bombing Run
M4A1(76) Sherman Medium Tank
Recon Loiter
Carpet Bombing Run
Paimin87
Petranodon
BANTENG RAIDER
tubagznyven
VinCo-CN
zuikaku0302
企鹅爱子
厄运宣告
0
0

Comments sign in to comment!

No comments posted yet!